 Dungeon Crawl Stone Soup version 0.28-a0-535-g6f645e4c1d (webtiles) character file.

Game seed: 7437052859272224969

1 Shayle the Magician (level 1, 0/18 HPs)
             Began as a Djinni Warper on Sept 26, 2021.
             Slain by a quokka (2 damage)
             ... on level 1 of the Dungeon.
             The game lasted 00:00:20 (59 turns).

Shayle the Magician (Djinni Warper)                   Turns: 59, Time: 00:00:20

Health: 0/18       AC:  3    Str: 10    XL:     1   Next: 22%
Gold:   11         EV: 11    Int: 14    God:
                   SH:  0    Dex: 12

rFire   + + +      SeeInvis .   d - staff of fire
rCold   x . .      Faith    .   (no shield)
rNeg    . . .      Spirit   .   a - +0 leather armour
rPois   ∞          Reflect  .   (no helmet)
rElec   .          Harm     .   (no cloak)
rCorr   .          Rampage  .   (no gloves)
Will    .....                   (boots unavailable)
Stlth   +.........              (no amulet)
HPRegen 0.06/turn               (no ring)
MPRegen 0.00/turn               (no ring)

@: flying
A: sickness immunity, fire resistance 2, cold vulnerability 1, float, innate
caster, hp casting, extra vitality 1
a: no special abilities


You were on level 1 of the Dungeon.
You visited 1 branch of the dungeon, and saw 1 of its levels.

You collected 11 gold pieces.

Inventory:

Missiles
 c - 4 boomerangs of dispersal (quivered)
Armour
 a - a +0 leather armour (worn)
Magical Staves
 d - a staff of fire (weapon)
Scrolls
 b - a scroll of blinking


   Skills:
 + Level 2.0 Fighting
 - Level 0.7 Throwing
 - Level 1.0 Armour
 - Level 2.1 Dodging
 + Level 2.0 Unarmed Combat
 + Level 2.4 Spellcasting


You couldn't memorise any spells.
You knew the following spells:

 Your Spells              Type           Power      Damage    Failure   Level
a - Blink                 Tloc           N/A        N/A       17%         2
b - Lesser Beckoning      Tloc           8%         N/A       34%         3
c - Gell's Gravitas       Tloc           4%         N/A       34%         3
d - Teleport Other        Tloc           8%         N/A       34%         3
e - Manifold Assault      Tloc           8%         N/A       97%         5
Your spell library was empty.

Dungeon Overview and Level Annotations

Branches:
Dungeon (1/15)

Altars:


Innate Abilities, Weirdness & Mutations

You are immune to sickness and miasma.
You are immune to poison.
Your flesh is very heat resistant. (rF++)
You are vulnerable to cold. (rC-)
You float through the air rather than walking.
You learn spells naturally, not from books.
Your magical power is your life essence.
You have superior vitality. (+4 HP)


Message History

You hit the hobgoblin.
You kill the hobgoblin!
You see here a hobgoblin corpse.
HP restored.
Found a crooked smoking staff.
A quokka comes into view.
You see here a staff of fire.
d - a staff of fire
d - a staff of fire (weapon)
The quokka closely misses you.
You barely miss the quokka. The quokka bites you. x2
You hit the quokka but do no damage. The quokka bites you.
You barely miss the quokka. The quokka bites you. The quokka barely misses you.
You closely miss the quokka.
The quokka bites you but does no damage.
You closely miss the quokka. The quokka barely misses you.
You hit the quokka.
The quokka is lightly wounded.
The quokka bites you. The quokka completely misses you.
You closely miss the quokka.
The quokka is lightly wounded.
The quokka completely misses you.
You barely miss the quokka.
The quokka is lightly wounded.
The quokka bites you. x2
You hit the quokka.
The quokka is severely wounded.
The quokka barely misses you.
You barely miss the quokka.
The quokka is severely wounded.
The quokka misses you. The quokka bites you.
* * * LOW HITPOINT WARNING * * *
Throw: 5 boomerangs (disperse)
Press: ? - help, Q - select action, (/) - cycle Shift-Dir - straight line, f - quokka
Aim: a quokka (severely wounded, 46% to hit)
You throw a boomerang of dispersal.
The boomerang of dispersal barely misses the quokka.
The quokka twitches its whiskers.
The quokka bites you.
You die...

#..#########
#....r@....#
...########.#
####### #.#
#.###)....###.#
#.............#
####.....#####
#..†..# #.....#
#.....#


You could see a quokka.

Vanquished Creatures
  A hobgoblin (D:1)
1 creature vanquished.

Notes
Turn   | Place    | Note
-------+----------+-------------------------------------------
     0 | D:1      | Shayle the Djinni Warper began the quest for the Orb.
     0 | D:1      | Reached XP level 1. HP: 18/18 MP: 0/0
    59 | D:1      | Slain by a quokka

Illustrated notes

Levels and vault maps discovered:
D:1:      scummos_arrival_simple_fountains, layout_basic,
          shapermc_ecumenical_altar_acropolis

Action                   || total
-------------------------++-------
Melee: Staff             ||    10
       Unarmed           ||     4
Throw: Boomerang         ||     1
Armor: Leather armour    ||     2
Dodge: Dodged            ||     8

Table legend: (Time is in decaauts)
 A = Elapsed time spent in this place.
 B = Non-inter-level travel time spent in this place.
 C = Inter-level travel time spent in this place.
 D = Time resting spent in this place.
 E = Time spent auto-exploring this place.
 F = Levels seen in this place.
 G = Mean time per level.
                   A        B        C        D        E       F      G
               +--------+--------+--------+--------+--------+-----+--------+
         Total |     60 |     60 |      0 |      0 |     32 |   1 |   60.0 |
       Dungeon |     60 |     60 |      0 |      0 |     32 |   1 |   60.0 |
               +--------+--------+--------+--------+--------+-----+--------+

Top non-repeatable levels by time:
     D:1: 60 daAuts
